Cogmind - Beta 11.1 @@@ ROGUE MODE // 2022.08.01 @ 12:22:51 Player: CreepyD Result: Destroyed by G-73 Enforcer with Heavy Laser Performance ------------- Evolutions (9) 4500 Regions Visited (22) 4400 Robots Destroyed (193) 965 Value Destroyed (7822) 7822 Prototype IDs (30) 600 Alien Tech Used (0) 0 Bonus (3103) 3103 TOTAL SCORE: 21390 Bonus ------- High Alert Combat Kills 303 Follower Combat Kills 1553 Entered Garrisons 200 Used RIF Installer 500 A7 Reached Mainframe 300 Met R17 at Cetus 500 Friendly Fire -253 Cogmind --------- Core Integrity 0/1600 Matter 290/300 Energy 100/100 System Corruption 19% Temperature Cool (9) Movement Core (200) Ox3 Location -1/Access Parts ------- > --- POWER (3) -------- (None) > --- PROPULSION (5) --- (None) > --- UTILITY (12) ----- 0b10 Decoder Chip [Generic] Improved Targeting Computer Advanced Targeting Computer Advanced Targeting Computer Advanced Target Analyzer Core Analyzer > --- WEAPON (5) ------- Linear Accelerator > --- INVENTORY (5) ---- Advanced Recalibrator Peak State ------------ > --- POWER ------------ Light Antimatter Reactor Light Particle Reactor Quantum Reactor > --- PROPULSION ------- Myomer Leg Myomer Leg Myomer Leg Myomer Leg Compact Wheel > --- UTILITY ---------- Experimental Heat Sink Advanced Cooling System Triangulator 0b10 Decoder Chip [Generic] Improved Target Analyzer Core Analyzer Advanced Transmission Jammer Centrium Medium Armor Plating Advanced System Shield Experimental System Shield > --- WEAPON ----------- Phase Gun Heavy Neutron Cannon Enhanced Force Lance Enhanced Force Lance Enhanced Force Lance > --- INVENTORY -------- Compact Wheel Advanced Cooling System Centrium Medium Armor Plating Advanced Recalibrator [Rating: 156] Favorites ----------- Power Enhanced Nuclear Core Engine Improved Deuterium Engine Power Core Enhanced Nuclear Core Reactor Light Antimatter Reactor Propulsion Wheel Treads Medium Treads Leg Myomer Leg Wheel Wheel Hover Unit Improved Antigrav System Flight Unit Cooled VTOL Module Utility Advanced System Shield Device Advanced Cooling System Storage Small Storage Unit Processor Improved Target Analyzer Hackware Advanced System Shield Protection Heavy Reactive Plating Weapon Thermic Laser Energy Gun Thermic Laser Energy Cannon Improved EM Pulse Cannon Ballistic Gun KE Penetrator Ballistic Cannon Antimatter Cannon Launcher Mini Grenade Launcher Impact Weapon Power Maul Slashing Weapon Great Axe Piercing Weapon Enhanced Force Lance Build | -11 -10 -9 -9 -9 -8 -7 -7 -7 -6 -6 -6 -6 -6 -5 -5 -5 -4 -4 -4 -3 -2 -1 ------- Run | Scr Mat Mat Sto Gar Mat Fac Was Fac Fac Was Fac Low Low Fac Ext Cet Fac Was Fac Res Res Acc Slots Evolved 18 | . . 2 . . 2 2 . . 2 . . . . 2 . . 2 . . 2 2 2 Power 2 | . . . . . 1 . . . . . . . . . . . 1 . . . . . Propulsion 3 | . . . . . . 1 . . . . . . . . . . 1 . . . 1 . Utility 10 | . . 1 . . . 1 . . 2 . . . . 2 . . . . . 1 1 2 Weapon 3 | . . 1 . . 1 . . . . . . . . . . . . . . 1 . . Parts Attached 308 | 7 . 5 13 . 3 11 . 20 7 1 40 3 . 17 19 7 1 8 29 12 31 74 Power 52 | 1 . . 3 . 2 . . 1 . . 5 . . 1 3 3 . 3 3 3 7 17 Engine 9 | 1 . . 3 . . . . . . . 2 . . . . . . . . . 2 1 Core 11 | . . . . . 2 . . 1 . . 2 . . 1 2 . . . 3 . . . Reactor 32 | . . . . . . . . . . . 1 . . . 1 3 . 3 . 3 5 16 Propulsion 84 | 2 . 2 1 . . 1 . 6 3 . 13 . . 2 8 . . 1 14 . 8 23 Treads 2 | . . . . . . . . . . . . . . . . . . . . . . 2 Leg 30 | 2 . . . . . . . . . . 6 . . . 7 . . 1 4 . 1 9 Wheel 38 | . . 2 1 . . 1 . 5 2 . 7 . . 2 1 . . . 3 . 7 7 Hover 12 | . . . . . . . . . . . . . . . . . . . 7 . . 5 Flight 2 | . . . . . . . . 1 1 . . . . . . . . . . . . . Utility 90 | 2 . . 5 . . 3 . 6 2 . 11 3 . 12 2 3 1 2 6 3 10 19 Device 54 | 1 . . 2 . . 2 . 4 . . 5 2 . 8 1 . 1 2 6 1 8 11 Storage 3 | 1 . . . . . . . . . . 1 1 . . . . . . . . . . Processor 13 | . . . . . . 1 . . 1 . 1 . . 2 . 1 . . . . 1 6 Hackware 4 | . . . . . . . . . 1 . . . . 1 1 . . . . 1 . . Protection 16 | . . . 3 . . . . 2 . . 4 . . 1 . 2 . . . 1 1 2 Artifact . | . . . . . . . . . . . . . . . . . . . . . . . Weapon 82 | 2 . 3 4 . 1 7 . 7 2 1 11 . . 2 6 1 . 2 6 6 6 15 Energy Gun 36 | 1 . 3 . . 1 3 . 4 2 . 5 . . 2 5 1 . . 2 . 4 3 Energy Cannon 9 | . . . 3 . . 2 . . . . 1 . . . . . . . 1 . . 2 Ballistic Gun 10 | 1 . . . . . . . . . . . . . . . . . 1 . . 2 6 Ballistic Cannon 7 | . . . . . . . . 1 . . 2 . . . 1 . . . . . . 3 Launcher 5 | . . . 1 . . 2 . 2 . . . . . . . . . . . . . . Special Weapon . | . . . . . . . . . . . . . . . . . . . . . . . Impact Weapon 2 | . . . . . . . . . . . 1 . . . . . . . 1 . . . Slashing Weapon 6 | . . . . . . . . . . 1 2 . . . . . . 1 1 1 . . Piercing Weapon 7 | . . . . . . . . . . . . . . . . . . . 1 5 . 1 Special Melee Weapon . | . . . . . . . . . . . . . . . . . . . . . . . Unidentified Prototypes 20 | . . . 2 . 1 1 . 4 1 . 4 . . . . 2 . . 2 1 1 1 Corrupted Parts 4 | . . . . . . . . . . . . . . . 2 1 . 1 . . . . System Corruption 28 | . . . . . . . . . . . . . . . 21 3 . 4 . . . . Parts Lost 119 | . . 1 1 . . . . 3 . 3 1 1 . 4 5 . . 7 2 . 17 74 Power 23 | . . . 1 . . . . . . . . . . . . . . 1 . . 5 16 Propulsion 44 | . . . . . . . . 2 . 1 1 . . 2 2 . . 4 2 . 7 23 Utility 29 | . . 1 . . . . . . . 1 . 1 . 1 1 . . 1 . . 3 20 Weapon 23 | . . . . . . . . 1 . 1 . . . 1 2 . . 1 . . 2 15 Highest Loss Streak 19 | . . 1 1 . . . . 2 . 3 1 1 . 2 2 . . 5 2 . 14 19 To Critical Strikes 4 | . . . . . . . . . . . . . . . . . . 2 . . . 2 Average Slot Usage (%) 89 | . 100 80 99 100 93 94 100 96 98 91 84 91 86 92 94 100 89 69 74 99 85 80 Engine 3 | . 14 11 11 11 9 7 7 . . . 6 6 6 4 . . . . . . 1 1 Core 4 | . . . . . 3 7 7 13 13 13 5 6 6 5 4 . . . 3 4 . . Reactor 2 | . . . . . . . . . . . . . . . 4 9 10 7 . 9 6 7 Leg 5 | . 28 9 . . . . . . . . 4 . . . 11 17 15 8 3 19 10 5 Wheel 9 | . . 11 22 22 18 19 23 20 20 17 6 18 13 15 4 . . . 5 . 6 5 Hover 1 | . . . . . . . . . . . . . . . . . . . 7 . . 5 Device 14 | . 14 9 14 22 18 13 15 18 20 17 13 12 13 13 13 11 13 15 20 16 16 14 Processor 11 | . . . . . . 7 7 7 13 10 6 6 6 11 17 22 17 15 15 14 13 21 Hackware 4 | . . . . . . . . . 6 6 6 6 6 9 6 5 5 5 5 9 8 4 Protection 4 | . . . 14 11 9 7 7 4 . . 5 6 6 4 5 5 5 2 . 1 1 1 Energy Gun 8 | . 14 26 26 . 9 6 7 11 11 13 12 13 13 10 14 11 10 6 3 4 2 . Energy Cannon 2 | . . . 1 22 18 15 15 5 . . . . . . . . . . 2 4 2 1 Ballistic Cannon 2 | . . . . . . . . 4 6 6 5 6 6 5 1 5 5 2 . . . 2 Launcher 1 | . . . 4 11 9 7 7 7 6 3 . . . . . . . . . . . . Slashing Weapon 2 | . . . . . . . . . . 2 5 6 6 5 5 5 5 3 3 . . . Piercing Weapon 2 | . . . . . . . . . . . . . . . . . . . 2 13 13 5 Naked Turns . | . . . . . . . . . . . . . . . . . . . . . . . Heaviest Build 111 | 13 13 18 27 22 33 44 44 48 39 39 77 75 75 83 49 72 73 91 55 96 99 111 Greatest Support 114 | 20 20 22 28 28 28 38 38 38 38 38 44 30 20 30 75 75 75 75 100 100 100 114 Greatest Overweight (x) 17 | . . 1 1 . 1 1 1 3 1 1 7 3 3 4 3 . . 2 4 . 17 14 Average Overweight (x) 1 | . . . . . . . 1 1 . 1 1 2 3 2 . . . 1 . . . . Largest Inventory Capacity 8 | 8 8 8 8 5 5 5 5 5 5 5 5 5 5 5 5 5 5 5 5 5 5 5 Average Capacity 5 | 6 8 8 5 5 5 5 5 5 5 5 5 5 5 5 5 5 5 5 5 5 5 5 Most Carried 7 | 3 3 7 5 5 5 5 5 5 5 5 5 5 5 5 5 5 5 5 5 5 5 5 Average Carried 4 | . 1 4 4 4 4 4 4 4 3 4 4 4 5 4 4 4 5 5 4 3 3 3 Final Capacity 8 | 8 8 8 5 5 5 5 5 5 5 5 5 5 5 5 5 5 5 5 5 5 5 5 Final Carried 5 | . 3 4 5 5 5 4 5 5 4 5 5 5 5 5 5 5 5 5 5 5 4 1 Class Distribution -------------------- 20% | Scavenger-Mutant 12% | Infiltrator-Mutant 9% | Gunner 9% | Hacker-Mutant 9% | Mutant 7% | Scavenger-Gunner 7% | Tank 5% | Commander-Mutant 4% | Infiltrator-Bomber 4% | Infiltrator-Gunner Dominant Class ---------------- Mutant | -10/Materials Gunner | -9/Materials Tank | -9/Storage Commander-Mutant | -9/Garrison Commander-Tank | -8/Materials Tank | -7/Factory Tank | -7/Waste Infiltrator-Bomber | -7/Factory Infiltrator-Bomber | -6/Factory Infiltrator-Bomber | -6/Waste Infiltrator-Mutant | -6/Factory Scavenger-Mutant | -6/Lower Caves Mutant | -6/Lower Caves Scavenger-Mutant | -5/Factory Commander-Mutant | -5/Extension Scavenger-Gunner | -5/Cetus Commander-Mutant | -4/Factory Generator-Gunner | -4/Waste Infiltrator-Mutant | -4/Factory Hacker-Mutant | -3/Research Hacker-Mutant | -2/Research Scavenger-Mutant | -1/Access Resources | -11 -10 -9 -9 -9 -8 -7 -7 -7 -6 -6 -6 -6 -6 -5 -5 -5 -4 -4 -4 -3 -2 -1 ----------- Run | Scr Mat Mat Sto Gar Mat Fac Was Fac Fac Was Fac Low Low Fac Ext Cet Fac Was Fac Res Res Acc Matter Collected 5427 | 271 47 . 434 41 40 154 . 512 . . 748 164 . 357 270 166 . 263 268 66 401 1225 Remotely . | . . . . . . . . . . . . . . . . . . . . . . . Salvage Created 9496 | 81 104 . 700 69 102 247 . 830 . . 715 59 . 1019 447 69 . 294 215 135 1200 3210 Parts 438 | 7 14 . 36 6 4 15 . 63 . . 31 . . 40 13 3 . 2 15 9 55 125 Haulers Intercepted 6 | . . . 1 . . 1 . 1 . . . . . 1 . . . . . . 1 1 Recyclers Shooed 3 | . . . . . . . . . . . 3 . . . . . . . . . . . Parts Field Recycled . | . . . . . . . . . . . . . . . . . . . . . . . Retrieved Matter . | . . . . . . . . . . . . . . . . . . . . . . . Parts Self-Destructed . | . . . . . . . . . . . . . . . . . . . . . . . Prevented 1 | . . . . . . . . . . . . 1 . . . . . . . . . . Kills | -11 -10 -9 -9 -9 -8 -7 -7 -7 -6 -6 -6 -6 -6 -5 -5 -5 -4 -4 -4 -3 -2 -1 ------- Run | Scr Mat Mat Sto Gar Mat Fac Was Fac Fac Was Fac Low Low Fac Ext Cet Fac Was Fac Res Res Acc Combat Hostiles Destroyed 128 | . 4 . 18 2 2 4 . 17 . . 9 1 . 17 8 1 . 1 3 4 9 28 Melee 33 | . . . . . . . . . . . 3 . . 1 1 . . . 3 4 6 15 Guns 34 | . 4 . 7 . . . . 2 . . 3 . . 2 4 . . 1 . . 1 10 Cannons 33 | . . . . 2 2 . . 6 . . 3 1 . 13 2 1 . . . . . 3 AOE 24 | . . . 11 . . 3 . 8 . . . . . . . . . . . . 2 . Classes Destroyed 16 | 2 4 . 2 . 2 2 . 1 . . . 1 . . 1 . . 1 . . . . Worker 19 | . 1 . 1 . . . . 2 . . 4 . . 2 . . . . 1 . 3 5 Builder 7 | . . . . . . 1 . 2 . . 2 . . . . . . . 1 . . 1 Tunneler 1 | 1 . . . . . . . . . . . . . . . . . . . . . . Hauler 6 | . . . 1 . . 1 . 1 . . . . . 1 . . . . . . 1 1 Recycler 20 | 1 . . 3 . . . . 1 . . 1 . . 2 . . . . . . 4 8 Minesweeper 1 | . . . . . . . . . . . . 1 . . . . . . . . . . Operator 2 | . . . . . . 1 . . . . . . . 1 . . . . . . . . Watcher 9 | . 1 . 1 . . 2 . 1 . . . . . 1 1 . . . . . 1 1 Swarmer 37 | . 3 . 4 . . 3 . 7 . . . . . 5 . . . . . 4 4 7 Grunt 40 | . 1 . 11 2 . . . 4 . . 5 1 . 5 5 . . . 1 . . 5 Brawler 3 | . . . . . 1 . . 1 . . . . . 1 . . . . . . . . Duelist 1 | . . . . . 1 . . . . . . . . . . . . . . . . . Sentry 16 | . . . 3 . . 1 . 3 . . 2 . . 1 2 . . . . . . 4 Hunter 10 | . . . . . . . . . . . . . . . . . . . . . 2 8 Programmer 18 | . . . . . . . . 2 . . 2 . . 5 . . . . 2 . 3 4 Compactor 1 | . . . . . . . . . . . . . . . . . . 1 . . . . Cetus Guard 1 | . . . . . . . . . . . . . . . . 1 . . . . . . Decomposer 1 | . . . . . . . . . . . . 1 . . . . . . . . . . Guerrilla 1 | . . . . . . . . . . . . . . . 1 . . . . . . . Best Kill Streak 13 | 2 4 . 11 2 2 3 . 8 . . 2 1 . 7 2 1 . 1 2 4 4 13 Combat Bots Only 9 | . 3 . 9 2 2 3 . 5 . . 2 1 . 7 2 1 . 1 2 4 2 8 Max Kills in Single Turn 7 | 1 1 . 4 1 1 2 . 7 . . 1 1 . 1 1 1 . 1 1 1 2 2 Gunslinging . | . . . . . . . . . . . . . . . . . . . . . . . Exploded 4 | . . . 3 . . 2 . 4 . . . . . . . . . . . . 2 . Melee 1 | . . . . . . . . . . . 1 . . 1 1 . . . 1 1 1 1 Uniques/NPCs Destroyed . | . . . . . . . . . . . . . . . . . . . . . . . Combat | -11 -10 -9 -9 -9 -8 -7 -7 -7 -6 -6 -6 -6 -6 -5 -5 -5 -4 -4 -4 -3 -2 -1 -------- Run | Scr Mat Mat Sto Gar Mat Fac Was Fac Fac Was Fac Low Low Fac Ext Cet Fac Was Fac Res Res Acc Damage Taken 17648 | . 153 71 458 . . 252 . 834 . 55 1034 94 . 987 530 341 . 220 305 287 2557 9470 Core 2866 | . 44 10 50 . . 54 . 64 . . 98 . . 102 77 38 . 18 66 28 600 1617 Absorbed by Shields 439 | . . . . . . 67 . 112 . . . . . . 125 135 . . . . . . Core Remaining (%) 86 | 100 82 . . 85 100 . . 83 . . . . 88 . . 78 . . 92 97 58 . Volleys Fired 343 | 3 16 . 26 4 7 17 3 34 . 5 25 7 . 34 29 7 . 23 . . 6 97 Largest 4 | 2 2 . 3 3 4 4 4 4 . 4 3 3 . 3 3 3 . 4 . . 2 3 Hottest 417 | 70 70 . 189 166 229 223 223 223 . 197 210 210 . 210 239 217 . 417 . . 195 246 Shots Fired 833 | 6 32 . 70 7 21 43 12 93 . 21 61 21 . 91 84 18 . 61 . . 11 181 Gun 528 | 6 32 . 61 . 6 9 3 40 . 11 40 15 . 58 69 11 . 45 . . 5 117 Cannon 266 | . . . . 6 14 27 6 40 . 5 21 6 . 33 15 7 . 16 . . 6 64 Launcher 39 | . . . 9 1 1 7 3 13 . 5 . . . . . . . . . . . . Special . | . . . . . . . . . . . . . . . . . . . . . . . Kinetic 285 | 3 16 . . . . . . 21 . 5 21 6 . 33 15 7 . 25 . . . 133 Thermal 409 | 3 16 . 61 6 20 15 . . . . 40 15 . 58 69 11 . 36 . . 11 48 Explosive 39 | . . . 9 1 1 7 3 13 . 5 . . . . . . . . . . . . Electromagnetic 100 | . . . . . . 21 9 59 . 11 . . . . . . . . . . . . Robot Hit Streak 22 | 3 6 . 12 12 5 9 21 22 . 7 5 5 . 8 9 7 . 8 . . 3 18 Robot Miss Streak 6 | 1 2 . 5 . 3 3 . 6 . 2 5 3 . 3 4 4 . 4 . . 5 3 Penetration Max 1 | . . . . . . . . . . . . . . . . . . . . . . 1 Secondary Targets 1 | . . . . . . . . . . . . . . . . . . . . . . 1 Max Gunslinging Chain 1 | . . . . . . . . . . . . . . . . . . . . . . 1 Shots Hit Robots 673 | 4 19 . 44 3 10 27 12 55 . 16 63 13 . 69 52 12 . 44 8 4 38 180 Core Hits 313 | 3 8 . 40 2 5 12 1 37 . 6 22 3 . 31 21 4 . 9 3 4 20 82 Critical Kills 5 | . . . . . . . . . . . . . . . . 1 . . . . . 4 Critical Parts Destroyed 5 | . . . . . . . . . . . . . . . . 1 . 1 . . . 3 Critical Strikes 79 | . . . 5 . . 1 . 2 . . 6 2 . 9 11 5 . 8 2 1 4 23 Burn 35 | . . . 5 . . . . . . . 6 2 . 7 9 1 . 4 . . . 1 Destroy 15 | . . . . . . . . . . . . . . . . 4 . 4 . . . 7 Blast 6 | . . . . . . . . 1 . . . . . 2 2 . . . . . . 1 Corrupt 2 | . . . . . . 1 . 1 . . . . . . . . . . . . . . Impale 21 | . . . . . . . . . . . . . . . . . . . 2 1 4 14 Melee Attacks 321 | . . . . . . . . . . . 60 2 . 28 28 2 2 . 21 9 56 113 Impact 4 | . . . . . . . . . . . . . . . . . . . 4 . . . Slashing 128 | . . . . . . . . . . . 60 2 . 28 28 2 2 . 6 . . . Piercing 189 | . . . . . . . . . . . . . . . . . . . 11 9 56 113 Sneak Attacks 45 | . . . . . . . . . . . 13 2 . 6 2 . . . 3 . 10 9 Combat Hostiles 1 | . . . . . . . . . . . 1 . . . . . . . . . . . Follow-up Attacks 22 | . . . . . . . . . . . . . . . . . . . 1 . 10 11 Damage Inflicted 24204 | 58 258 . 1749 61 276 859 345 1930 . 907 2556 403 . 2303 1268 292 . 1230 506 195 2374 6634 Guns 6909 | 58 258 . 663 . 53 107 3 277 . 8 390 144 . 660 776 175 . 1054 . . 54 2229 Cannons 5071 | . . . . 61 206 457 12 703 . 119 385 126 . 1054 342 117 . 176 . . 53 1260 Explosions 3757 | . . . 1086 . 17 295 330 950 . 780 . . . . . . . . . . 299 . Melee 8422 | . . . . . . . . . . . 1781 133 . 589 150 . . . 506 195 1968 3100 Ramming 45 | . . . . . . . . . . . . . . . . . . . . . . 45 Kinetic 5323 | 34 133 . . . . . . 389 . 119 385 126 . 1054 342 117 . 361 . . . 2263 Thermal 5997 | 24 125 . 663 61 259 219 . . . . 390 144 . 660 776 175 . 869 . . 406 1226 Explosive 3458 | . . . 1086 . 17 295 330 950 . 780 . . . . . . . . . . . . Electromagnetic 959 | . . . . . . 345 15 591 . 8 . . . . . . . . . . . . Impact . | . . . . . . . . . . . . . . . . . . . . . . . Slashing 2799 | . . . . . . . . . . . 1781 133 . 589 150 . . . 146 . . . Piercing 5623 | . . . . . . . . . . . . . . . . . . . 360 195 1968 3100 Highest Corruption 30 | . . . . . . 7 7 7 . 15 19 19 19 3 25 28 . 29 30 . 1 19 Average Corruption 13 | . . . . . . 4 7 7 . 11 16 19 19 2 20 27 . 16 29 . 1 7 Corruption Purged . | . . . . . . . . . . . . . . . . . . . . . . . Corruption Blocked . | . . . . . . . . . . . . . . . . . . . . . . . Effects 274 | . . . . . . 2 7 28 . 7 63 20 4 5 43 16 . 12 30 . 2 35 Message Errors 61 | . . . . . . . 2 7 . 1 15 6 3 1 8 5 . . 9 . 1 3 Matter Fused 54 | . . . . . . 1 3 7 . 1 11 4 . . 7 1 . 5 8 . . 6 Heat Flow Errors 38 | . . . . . . . . 2 . 1 13 . 1 1 8 2 . 2 4 . 1 3 Energy Discharges 38 | . . . . . . . 1 3 . 3 6 . . 1 8 4 . 1 3 . . 8 Parts Rejected 8 | . . . . . . . . 1 . . 2 1 . 1 1 . . . . . . 2 Data Loss (minor) 28 | . . . . . . 1 1 6 . . 3 1 . 1 5 1 . . 5 . . 4 Data Loss (major) 9 | . . . . . . . . . . . 2 4 . . . . . . . . . 3 Misfires 13 | . . . . . . . . 1 . 1 4 3 . . 3 1 . . . . . . Alerts 8 | . . . . . . . . . . . 4 . . . . 1 . . . . . 3 Misdirections 8 | . . . . . . . . . . . . . . . 3 . . 1 1 . . 3 Weapon Failures 9 | . . . . . . . . 1 . . 3 1 . . . 1 . 3 . . . . Overload Shots 6 | . . . . . . . . . . . . . . . . . . 6 . . . . Overflow Damage 1715 | . . . 67 . . 8 4 36 . . 314 52 . 192 31 . . . 137 . 351 523 Projectiles 77 | . . . . . . 8 . 22 . . . . . 15 31 . . . . . . 1 Explosions 126 | . . . 67 . . . 4 14 . . . . . . . . . . . . 41 . Melee 1512 | . . . . . . . . . . . 314 52 . 177 . . . . 137 . 310 522 Knockbacks 21 | . . . . . . . . 1 . . 5 2 . 5 5 . . . . . . 3 Impact . | . . . . . . . . . . . . . . . . . . . . . . . Kinetic 20 | . . . . . . . . 1 . . 5 2 . 4 5 . . . . . . 3 Secondary 1 | . . . . . . . . . . . . . . 1 . . . . . . . . Self-Inflicted Damage 262 | . . . 86 . . 71 . 17 . . . . . . . . . . . . 71 17 Shots 7 | . . . 2 . . 2 . 2 . . . . . . . . . . . . 1 . Rammed 1 | . . . . . . . . . . . . . . . . . . . . . . 1 Targets Rammed 5 | . . . . . . . . . . . . . . . . . . . . . . 5 Kicked 4 | . . . . . . . . . . . . . . . . . . . . . . 4 Crushed . | . . . . . . . . . . . . . . . . . . . . . . . Highest Temperature 512 | 27 69 . 387 48 267 162 115 339 . 313 469 324 81 349 343 184 . 193 165 . 128 512 Average Temperature 113 | 14 29 . 143 31 102 64 57 97 . 113 142 146 50 108 70 52 . 93 66 . 44 133 Received Heat Transfer 2161 | . 24 . 141 . . 26 . 163 . . 402 45 . 75 183 31 . . 9 . 18 1044 Effects 21 | . . . 5 . . . . 2 . . 9 . . 1 1 . . . . . . 3 Shutdowns 7 | . . . . . . . . . . . 5 . . 1 . . . . . . . 1 Energy Bleed 6 | . . . 1 . . . . 2 . . 1 . . . . . . . . . . 2 Interference 5 | . . . 3 . . . . . . . 2 . . . . . . . . . . . Matter Decay 1 | . . . 1 . . . . . . . . . . . . . . . . . . . Short Circuit 1 | . . . . . . . . . . . . . . . 1 . . . . . . . Damage (major) 1 | . . . . . . . . . . . 1 . . . . . . . . . . . Siege Activations . | . . . . . . . . . . . . . . . . . . . . . . . Robots Corrupted 2 | . . . . . . 1 . 1 . . . . . . . . . . . . . . Combat Hostiles 2 | . . . . . . 1 . 1 . . . . . . . . . . . . . . Parts Fried 9 | . . . . . . 5 . 3 . . . . . 1 . . . . . . . . Impact Corruptions . | . . . . . . . . . . . . . . . . . . . . . . . Robots Melted 2 | . . . . . . . . . . . . . . 1 1 . . . . . . . Combat Hostiles 2 | . . . . . . . . . . . . . . 1 1 . . . . . . . Parts Melted 14 | . . . 3 . . 1 . . . . 2 1 . 2 4 . . . . . 1 . Heat Transferred 14698 | 74 370 . 1813 111 481 407 . . . . 1650 600 . 2400 2796 468 . 1946 . . 250 1332 Parts Sabotaged . | . . . . . . . . . . . . . . . . . . . . . . . Parts Stolen . | . . . . . . . . . . . . . . . . . . . . . . . Parts Stripped . | . . . . . . . . . . . . . . . . . . . . . . . Power Chain Reactions 1 | . . . . . . . . . . . . . . . . . . . . . 1 . Missiles Intercepted . | . . . . . . . . . . . . . . . . . . . . . . . Alert | -11 -10 -9 -9 -9 -8 -7 -7 -7 -6 -6 -6 -6 -6 -5 -5 -5 -4 -4 -4 -3 -2 -1 ------- Run | Scr Mat Mat Sto Gar Mat Fac Was Fac Fac Was Fac Low Low Fac Ext Cet Fac Was Fac Res Res Acc Peak Influence 875 | 10 151 83 866 717 448 472 149 628 245 173 228 . . 415 739 875 521 202 86 166 156 450 Initial 562 | . 6 63 34 562 349 203 107 86 245 85 100 . . . 193 338 490 182 16 29 . 35 Average 227 | 3 84 63 322 656 368 284 131 396 245 133 110 . . 143 456 531 503 117 50 73 55 225 Maximum Alert Level 3 | . . . 3 3 2 2 . 2 1 . 1 . . 2 3 3 2 1 . . . 2 Low Security (%) 53 | 100 100 100 57 . . . 100 8 . 100 83 . . 81 1 . . 77 100 100 100 41 Level 1 27 | . . . 1 . 81 97 . 46 100 . 16 . . 13 26 12 . 22 . . . 52 Level 2 17 | . . . 25 72 18 2 . 45 . . . . . 5 71 63 100 . . . . 5 Level 3 1 | . . . 14 27 . . . . . . . . . . . 24 . . . . . . Level 4 . | . . . . . . . . . . . . . . . . . . . . . . . Level 5 . | . . . . . . . . . . . . . . . . . . . . . . . High Security . | . . . . . . . . . . . . . . . . . . . . . . . Max Security . | . . . . . . . . . . . . . . . . . . . . . . . Squads Dispatched 27 | . 2 . 3 . 1 2 . 4 1 . 1 . . 3 2 . . . 3 . 1 4 Investigation 3 | . . . . . . 1 . . 1 . . . . . . . . . 1 . . . Extermination 7 | . . . . . . . . 2 . . 1 . . 1 . . . . 1 . 1 1 Reinforcement 10 | . 2 . . . . 1 . 2 . . . . . 2 1 . . . 1 . . 1 Assault 2 | . . . . . . . . . . . . . . . 1 . . . . . . 1 Garrison 5 | . . . 3 . 1 . . . . . . . . . . . . . . . . 1 Intercept . | . . . . . . . . . . . . . . . . . . . . . . . Searches Triggered . | . . . . . . . . . . . . . . . . . . . . . . . Construction Impeded . | . . . . . . . . . . . . . . . . . . . . . . . Haulers Reinforced 2 | . . . . . . . . 1 . . . . . . . . . . 1 . . . Active Scanning Responses . | . . . . . . . . . . . . . . . . . . . . . . . Cargo Convoy Interrupts . | . . . . . . . . . . . . . . . . . . . . . . . Stealth | -11 -10 -9 -9 -9 -8 -7 -7 -7 -6 -6 -6 -6 -6 -5 -5 -5 -4 -4 -4 -3 -2 -1 --------- Run | Scr Mat Mat Sto Gar Mat Fac Was Fac Fac Was Fac Low Low Fac Ext Cet Fac Was Fac Res Res Acc Distress Signals 12 | . . . 1 . . . . 1 . . . . . . 3 2 . . . 1 3 1 Communications Jammed 55 | . . . . . . . . . . . 5 . . 48 . . . . . . 2 . Distress Signals 54 | . . . . . . . . . . . 5 . . 48 . . . . . . 1 . Times Spotted 245 | . 6 4 16 1 7 11 6 19 1 4 18 3 . 21 28 12 . 6 5 8 17 52 Peak Tracking Total 9 | . 3 4 8 1 3 5 6 4 2 4 3 1 . 5 6 5 . 3 2 5 5 9 Tactical Retreats 18 | . 1 1 . . . . . . . 1 2 1 . . 4 . . . 1 1 1 5 Traps | -11 -10 -9 -9 -9 -8 -7 -7 -7 -6 -6 -6 -6 -6 -5 -5 -5 -4 -4 -4 -3 -2 -1 ------- Run | Scr Mat Mat Sto Gar Mat Fac Was Fac Fac Was Fac Low Low Fac Ext Cet Fac Was Fac Res Res Acc Traps Triggered 18 | . . . 1 . . 5 . 1 1 . 1 . . 1 2 . 1 . 1 . 2 2 Indirectly . | . . . . . . . . . . . . . . . . . . . . . . . Trap Hack Attempts . | . . . . . . . . . . . . . . . . . . . . . . . Triggered . | . . . . . . . . . . . . . . . . . . . . . . . Disarmed . | . . . . . . . . . . . . . . . . . . . . . . . Reprogrammed . | . . . . . . . . . . . . . . . . . . . . . . . Reused 1 | . . . . . . . . . . . . . . 1 . . . . . . . . Traps Extracted . | . . . . . . . . . . . . . . . . . . . . . . . Installed 1 | . . . . . . . . . . . . . . 1 . . . . . . . . Triggered 2 | . . . . . . . . . . . . 1 . 1 . . . . . . . . Most Traps Carried 1 | . . . . . . . . . . . . 1 1 1 . . . . . . . . Machines | -11 -10 -9 -9 -9 -8 -7 -7 -7 -6 -6 -6 -6 -6 -5 -5 -5 -4 -4 -4 -3 -2 -1 ---------- Run | Scr Mat Mat Sto Gar Mat Fac Was Fac Fac Was Fac Low Low Fac Ext Cet Fac Was Fac Res Res Acc Machines Disabled 37 | . . . 4 1 1 6 . 7 . . 5 . . 3 1 1 . . . . 1 7 Max in Single Turn 6 | . . . 2 1 1 2 . 6 . . 1 . . 1 1 . . . . . 1 1 Garrison Access 11 | . . . . . . 1 . 1 . . 2 . . 1 . . . . 1 1 1 3 Garrison Relay 1 | . . . . 1 . . . . . . . . . . . . . . . . . . Machines Sabotaged . | . . . . . . . . . . . . . . . . . . . . . . . Garrisons Compromised . | . . . . . . . . . . . . . . . . . . . . . . . Overloaded Fab Kills . | . . . . . . . . . . . . . . . . . . . . . . . Hacking | -11 -10 -9 -9 -9 -8 -7 -7 -7 -6 -6 -6 -6 -6 -5 -5 -5 -4 -4 -4 -3 -2 -1 --------- Run | Scr Mat Mat Sto Gar Mat Fac Was Fac Fac Was Fac Low Low Fac Ext Cet Fac Was Fac Res Res Acc Machines Accessed 60 | . 1 . 1 . . 3 . 7 2 . 9 . . 8 9 3 . . 5 1 4 7 Terminals 37 | . 1 . . . . 2 . 3 1 . 4 . . 4 9 3 . . 3 . 3 4 Fabricators 5 | . . . . . . . . 2 . . 1 . . 2 . . . . . . . . Repair Stations 1 | . . . . . . . . 1 . . . . . . . . . . . . . . Recycling Units 4 | . . . . . . . . . . . 2 . . . . . . . 1 . . 1 Scanalyzers 2 | . . . . . . . . . 1 . . . . 1 . . . . . . . . Garrison Access 11 | . . . 1 . . 1 . 1 . . 2 . . 1 . . . . 1 1 1 2 Total Hacks 122 | . 1 . 2 . . 7 . 15 5 . 15 . . 16 24 7 . . 7 1 13 9 Successful 50 | . 1 . 1 . . 2 . 6 . . 5 . . 7 12 3 . . 3 1 6 3 Failed 72 | . . . 1 . . 5 . 9 5 . 10 . . 9 12 4 . . 4 . 7 6 Catastrophic 22 | . . . . . . 2 . . 2 . 3 . . 2 3 2 . . 2 . 2 4 Database Lockouts . | . . . . . . . . . . . . . . . . . . . . . . . Manual 6 | . . . . . . 1 . 2 . . . . . 2 . 1 . . . . . . Terminals 87 | . 1 . . . . 5 . 8 3 . 7 . . 10 24 7 . . 5 . 12 5 Fabricators 7 | . . . . . . . . 3 . . 1 . . 3 . . . . . . . . Repair Stations 3 | . . . . . . . . 3 . . . . . . . . . . . . . . Recycling Units 8 | . . . . . . . . . . . 5 . . . . . . . 1 . . 2 Scanalyzers 4 | . . . . . . . . . 2 . . . . 2 . . . . . . . . Garrison Access 13 | . . . 2 . . 2 . 1 . . 2 . . 1 . . . . 1 1 1 2 Terminal Hacks 34 | . 1 . . . . . . 3 . . 2 . . 5 12 3 . . 2 . 5 1 Record 2 | . . . . . . . . . . . . . . . . 2 . . . . . . Part Schematic 1 | . . . . . . . . 1 . . . . . . . . . . . . . . Robot Analysis 2 | . . . . . . . . . . . . . . 1 . . . . . . 1 . Prototype ID Bank 6 | . . . . . . . . . . . . . . 1 4 . . . 1 . . . Open Door 7 | . . . . . . . . . . . . . . 1 5 1 . . . . . . Level Access Points 1 | . . . . . . . . . . . . . . . . . . . . . 1 . Branch Access Points 2 | . . . . . . . . 1 . . . . . 1 . . . . . . . . Emergency Access Points 1 | . . . . . . . . . . . . . . . . . . . . . 1 . Recycling Unit Index 1 | . . . . . . . . . . . . . . . . . . . . . . 1 Unreport Threat 2 | . . . . . . . . . . . 1 . . . . . . . . . 1 . Locate Traps 3 | . . . . . . . . . . . . . . 1 1 . . . 1 . . . Zone Layout 6 | . 1 . . . . . . 1 . . 1 . . . 2 . . . . . 1 . Fabricator Hacks 4 | . . . . . . . . 2 . . 1 . . 1 . . . . . . . . Network Status 2 | . . . . . . . . 2 . . . . . . . . . . . . . . Build 2 | . . . . . . . . . . . 1 . . 1 . . . . . . . . Repair Station Hacks . | . . . . . . . . . . . . . . . . . . . . . . . Recycling Unit Hacks . | . . . . . . . . . . . . . . . . . . . . . . . Scanalyzer . | . . . . . . . . . . . . . . . . . . . . . . . Garrison Access Hacks 12 | . . . 1 . . 2 . 1 . . 2 . . 1 . . . . 1 1 1 2 Unlock Access 1 | . . . 1 . . . . . . . . . . . . . . . . . . . Seal Access 10 | . . . . . . 1 . 1 . . 2 . . 1 . . . . 1 1 1 2 Coupler Status 1 | . . . . . . 1 . . . . . . . . . . . . . . . . Unauthorized Hacks . | . . . . . . . . . . . . . . . . . . . . . . . Terminals . | . . . . . . . . . . . . . . . . . . . . . . . Fabricators . | . . . . . . . . . . . . . . . . . . . . . . . Repair Stations . | . . . . . . . . . . . . . . . . . . . . . . . Recycling Units . | . . . . . . . . . . . . . . . . . . . . . . . Scanalyzers . | . . . . . . . . . . . . . . . . . . . . . . . Garrison Access . | . . . . . . . . . . . . . . . . . . . . . . . Data Cores Recovered 2 | . . . . . . 1 . . . . . . . . 1 . . . . . . . Used 1 | . . . . . . 1 . . . . . . . . . . . . . . . . Hacking Detections 40 | . 1 . . . . 2 . 5 2 . 6 . . 5 4 3 . . 4 . 3 5 Full Trace Events 3 | . . . . . . 1 . . 1 . . . . . . . . . 1 . . . Feedback Events . | . . . . . . . . . . . . . . . . . . . . . . . Feedback Blocked . | . . . . . . . . . . . . . . . . . . . . . . . Robot Schematics Acquired . | . . . . . . . . . . . . . . . . . . . . . . . Robots Built . | . . . . . . . . . . . . . . . . . . . . . . . Authchips . | . . . . . . . . . . . . . . . . . . . . . . . Time . | . . . . . . . . . . . . . . . . . . . . . . . Total Robot Build Rating . | . . . . . . . . . . . . . . . . . . . . . . . Part Schematics Acquired 1 | . . . . . . . . 1 . . . . . . . . . . . . . . Parts Built 4 | . . . . . . . . . . . 2 . . 2 . . . . . . . . Authchips . | . . . . . . . . . . . . . . . . . . . . . . . Time 223 | . . . . . . . . . . . 106 . . 117 . . . . . . . . Total Part Build Rating 26 | . . . . . . . . . . . 12 . . 14 . . . . . . . . Parts Repaired . | . . . . . . . . . . . . . . . . . . . . . . . Time . | . . . . . . . . . . . . . . . . . . . . . . . Parts Recycled . | . . . . . . . . . . . . . . . . . . . . . . . Recycled Matter . | . . . . . . . . . . . . . . . . . . . . . . . Retrieved Matter . | . . . . . . . . . . . . . . . . . . . . . . . Retrieved Components . | . . . . . . . . . . . . . . . . . . . . . . . Parts Scanalyzed . | . . . . . . . . . . . . . . . . . . . . . . . Part Schematics Acquired . | . . . . . . . . . . . . . . . . . . . . . . . Parts Damaged . | . . . . . . . . . . . . . . . . . . . . . . . Bothacking | -11 -10 -9 -9 -9 -8 -7 -7 -7 -6 -6 -6 -6 -6 -5 -5 -5 -4 -4 -4 -3 -2 -1 ------------ Run | Scr Mat Mat Sto Gar Mat Fac Was Fac Fac Was Fac Low Low Fac Ext Cet Fac Was Fac Res Res Acc Used RIF Installer 1 | . . . . 1 . . . . . . . . . . . . . . . . . . Robots Hacked . | . . . . . . . . . . . . . . . . . . . . . . . Non-combat . | . . . . . . . . . . . . . . . . . . . . . . . Combat . | . . . . . . . . . . . . . . . . . . . . . . . Robot Hacks Applied . | . . . . . . . . . . . . . . . . . . . . . . . Relay Couplers Released 8 | . . . . 4 . . . . . . . . . . . . . . . . 2 2 Machine Destruction 8 | . . . . 4 . . . . . . . . . . . . . . . . 2 2 Fabnet Peak Effective % . | . . . . . . . . . . . . . . . . . . . . . . . Robots Rewired 12 | . . . . . . . . . . . . . . . 12 . . . . . . . Allies Hacked . | . . . . . . . . . . . . . . . . . . . . . . . Hacks Repelled . | . . . . . . . . . . . . . . . . . . . . . . . Allies | -11 -10 -9 -9 -9 -8 -7 -7 -7 -6 -6 -6 -6 -6 -5 -5 -5 -4 -4 -4 -3 -2 -1 -------- Run | Scr Mat Mat Sto Gar Mat Fac Was Fac Fac Was Fac Low Low Fac Ext Cet Fac Was Fac Res Res Acc Total Allies 31 | . . . 7 . . . . . . . . . . . 20 4 . . . . . . Largest Group 12 | . . . 7 6 5 2 1 . . . . . . . 12 8 8 4 . . . . Highest-Rated Group 540 | . . . 56 48 40 16 8 . . . . . . . 452 540 540 220 . . . . Highest-Rated Ally 159 | . . . 8 8 8 8 8 . . . . . . . 159 159 135 96 . . . . Total Orders 2 | . . . . . . . . . . . . . . 2 . . . . . . . . EXPLORE 2 | . . . . . . . . . . . . . . 2 . . . . . . . . Ally Attacks 260 | . . . 10 14 29 13 12 . . . . . . . 81 45 7 49 . . . . Total Damage 6323 | . . . 91 125 221 101 110 . . . . . . . 2137 1703 255 1580 . . . . Kills 43 | . . . 2 2 3 2 . . . . . . . . 13 15 1 5 . . . . Allies Corrupted . | . . . . . . . . . . . . . . . . . . . . . . . Allies Melted 1 | . . . . . . . . . . . . . . . . 1 . . . . . . Intel | -11 -10 -9 -9 -9 -8 -7 -7 -7 -6 -6 -6 -6 -6 -5 -5 -5 -4 -4 -4 -3 -2 -1 ------- Run | Scr Mat Mat Sto Gar Mat Fac Was Fac Fac Was Fac Low Low Fac Ext Cet Fac Was Fac Res Res Acc Robot Analysis Total 2 | . . . . . . . . . . . . . . 1 . . . . . . 1 . Derelict Logs Recovered 1 | . . . . . . . . . . . . 1 . . . . . . . . . . Drone Launches 2 | . . . . . . . . . . . . . . 2 . . . . . . . . Drone Recoveries 2 | . . . . . . . . . . . . . . 2 . . . . . . . . Decoded 0b10 Intel 160 | . . . . . . . . . . . . . . 31 26 2 2 5 18 12 16 48 Traps 15 | . . . . . . . . . . . . . . 2 4 . . . 2 . 3 4 Emergency Access 10 | . . . . . . . . . . . . . . . . . 1 . 2 3 2 2 Items 98 | . . . . . . . . . . . . . . 25 12 . 1 5 11 6 8 30 Machines 23 | . . . . . . . . . . . . . . 3 8 2 . . 3 1 2 4 Patrols 12 | . . . . . . . . . . . . . . 1 2 . . . . 1 1 7 Guards 1 | . . . . . . . . . . . . . . . . . . . . 1 . . Exits 1 | . . . . . . . . . . . . . . . . . . . . . . 1 Exploration | -11 -10 -9 -9 -9 -8 -7 -7 -7 -6 -6 -6 -6 -6 -5 -5 -5 -4 -4 -4 -3 -2 -1 ------------- Run | Scr Mat Mat Sto Gar Mat Fac Was Fac Fac Was Fac Low Low Fac Ext Cet Fac Was Fac Res Res Acc Turns Passed 10779 | 56 227 87 339 164 144 492 133 1018 92 151 1350 425 77 1181 900 316 52 295 611 425 520 1724 Spaces Moved 7037 | 31 134 74 215 138 109 383 115 789 75 122 722 339 62 735 423 187 36 133 505 311 258 1141 Core 113 | 6 . . . . . . . . . . . . . . . . . 65 30 . 2 10 Treads . | . . . . . . . . . . . . . . . . . . . . . . . Legs 1481 | 25 134 23 . . . . . . . . 72 . . . 242 187 36 68 72 311 153 158 Wheels 4558 | . . 51 215 138 109 383 115 789 75 122 650 339 62 735 181 . . . 94 . 103 397 Hover 885 | . . . . . . . . . . . . . . . . . . . 309 . . 576 Flight . | . . . . . . . . . . . . . . . . . . . . . . . Fastest Speed 44 | 50 120 85 85 95 95 90 105 90 90 105 105 110 125 95 101 120 120 100 61 120 84 44 Average Speed 108 | 106 120 98 95 95 98 102 105 105 103 107 134 112 125 112 122 120 120 151 98 120 115 86 Slowest Speed 900 | 120 120 120 100 95 110 110 105 135 105 110 400 125 125 140 260 120 120 190 200 120 900 750 Overloaded Moves . | . . . . . . . . . . . . . . . . . . . . . . . Propulsion Burnouts . | . . . . . . . . . . . . . . . . . . . . . . . Robots Hopped . | . . . . . . . . . . . . . . . . . . . . . . . Cave-ins Triggered 1 | . . . . . . . . . . . . . . . . . . . . . . 1 Exploration Rate (%) 32 | 3 33 9 30 47 17 17 74 29 2 80 22 58 11 25 64 85 1 68 17 10 11 23 Regions Visited 22 Branch Regions 5 Pre-discovered Areas . | . . . . . . . . . . . . . . . . . . . . . . . Known Exits Taken 3 | . . . 1 . . . . . . . . . . 1 . . . . . . 1 . Unknown Exits Taken 12 | 1 1 1 . . 1 . . 1 . . 1 1 1 . 1 1 . . 1 1 . . Scrap Searched 2 | . . . . . . . . . . . . 2 . . . . . . . . . . Spaces Dug 93 | . . . . . . . . . . . 19 . . 18 21 1 1 . 6 1 . 26 Terrain Destroyed 517 | . . . 92 8 5 13 28 152 . 65 24 3 . 21 26 3 1 12 6 1 12 45 Melee 75 | . . . . . . . . . . . 17 . . 15 19 1 1 . 6 1 . 15 Projectile 72 | . . . . . . . . 2 . . 7 3 . 6 7 2 . 12 . . 4 29 AOE 369 | . . . 92 8 5 13 28 150 . 65 . . . . . . . . . . 8 . Terrain Rammed . | . . . . . . . . . . . . . . . . . . . . . . . Walls Destroyed . | . . . . . . . . . . . . . . . . . . . . . . . Machines Disabled . | . . . . . . . . . . . . . . . . . . . . . . . Actions | -11 -10 -9 -9 -9 -8 -7 -7 -7 -6 -6 -6 -6 -6 -5 -5 -5 -4 -4 -4 -3 -2 -1 --------- Run | Scr Mat Mat Sto Gar Mat Fac Was Fac Fac Was Fac Low Low Fac Ext Cet Fac Was Fac Res Res Acc Total 8963 | 48 168 90 295 165 130 452 119 909 92 129 954 363 61 973 695 263 42 174 578 350 377 1536 Wait 495 | 1 16 . 28 23 8 6 1 34 . 1 60 8 . 127 54 47 2 9 10 1 12 47 Move 7017 | 30 133 73 214 136 108 383 114 788 75 121 721 338 61 734 422 186 36 132 504 310 257 1141 Hop . | . . . . . . . . . . . . . . . . . . . . . . . Pick Up 192 | 7 3 7 5 1 2 7 1 7 5 1 14 2 . 11 11 6 . . 3 10 24 65 Fast Attach 116 | . . . 6 . 2 6 . 14 . 1 26 2 . 6 5 1 1 6 27 1 6 6 Attach 161 | 7 . 5 4 . 1 5 . 3 7 . 7 1 . 8 10 3 . . 2 10 25 63 Detach 4 | . . . 1 . . . . . 1 . . . . 1 . . . . 1 . . . Swap 31 | . . . 3 . . . . 3 . . 7 . . 3 4 3 . 2 . 1 . 5 Drop 159 | . . 5 8 1 2 12 . 18 4 . 34 3 . 12 10 8 1 2 14 10 6 9 Fire 343 | 3 16 . 26 4 7 17 3 34 . 5 25 7 . 34 29 7 . 23 . . 6 97 Melee 285 | . . . . . . . . . . . 60 2 . 28 28 2 2 . 17 7 41 98 Ram 1 | . . . . . . . . . . . . . . . . . . . . . . 1 Kick 4 | . . . . . . . . . . . . . . . . . . . . . . 4 Crush . | . . . . . . . . . . . . . . . . . . . . . . . Escape Stasis 40 | . . . . . . 16 . 8 . . . . . 8 8 . . . . . . . Rewire 114 | . . . . . . . . . . . . . . . 114 . . . . . . . Trap 1 | . . . . . . . . . . . . . . 1 . . . . . . . . Miscellaneous . | . . . . . . . . . . . . . . . . . . . . . . . Route ------- -11/Scrapyard -10/Materials -9/Materials -9/Storage -9/Garrison -8/Materials -7/Factory -7/Waste -7/Factory (discovered 3 exits: *Fac / Low x2) -6/Factory -6/Waste -6/Factory -6/Lower Caves -6/Lower Caves -5/Factory (discovered 4 exits: Upp x2 / *Ext x2) -5/Extension (discovered 2 exits: [*Fac] / *Cet) -5/Cetus (discovered 2 exits: [*Fac] / [*Arc]) -4/Factory -4/Waste -4/Factory -3/Research -2/Research (discovered 3 exits: *Acc x3) -1/Access (discovered 1 exit: Sur) History --------- Turn | Location | Event 8 | -11/Scrapyard | Discovered new exit (range 16) 57 | -11/Scrapyard | Entered Materials 278 | -10/Materials | Discovered new exit (range 6) 284 | -10/Materials | Entered another Materials area 284 | -9/Materials | Evolved 2 slots: Utility x1, Weapon x1 359 | -9/Materials | Discovered new exit (range 13) 371 | -9/Materials | Entered Storage 453 | -9/Storage | Garrison activated, responded to threat 604 | -9/Storage | Destroyed 9 combat bots 631 | -9/Storage | Assisted by bots powering up and referring to "LRC-V3" 709 | -9/Storage | Identified exit to Garrison 710 | -9/Storage | Entered Garrison 710 | -9/Garrison | Accompanied by 6 allies 715 | -9/Garrison | Installed Relay Interface Framework 738 | -9/Garrison | Triggered checkpoint 754 | -9/Garrison | Garrison Relay disabled 824 | -9/Garrison | Triggered checkpoint 847 | -9/Garrison | Discovered new exit (range 8) 874 | -9/Garrison | Entered Materials 874 | -8/Materials | Accompanied by 5 allies 874 | -8/Materials | Evolved 2 slots: Power x1, Weapon x1 975 | -8/Materials | Garrison activated, responded to threat 994 | -8/Materials | Discovered new exit (range 11) 1018 | -8/Materials | Entered Factory 1018 | -7/Factory | Accompanied by 2 allies 1018 | -7/Factory | Evolved 2 slots: Propulsion x1, Utility x1 1510 | -7/Factory | Sucked down chute 1510 | -7/Factory | Entered Waste 1526 | -7/Waste | Spotted C-40 Crusher 1534 | -7/Waste | Spotted C-40 Crusher 1538 | -7/Waste | Spotted C-40 Crusher 1550 | -7/Waste | Build established: Tank 1586 | -7/Waste | Spotted C-40 Crusher 1601 | -7/Waste | Spotted C-40 Crusher 1603 | -7/Waste | Spotted C-40 Crusher 1605 | -7/Waste | 2 allies followed down the chute 1627 | -7/Waste | Discovered new exit (range 16) 1643 | -7/Waste | Entered Factory 2420 | -7/Factory | Identified exit to Lower Caves 2635 | -7/Factory | Discovered new exit (range 9) 2661 | -7/Factory | Entered another Factory area 2661 | -6/Factory | Evolved 2 slots: Utility x2 2753 | -6/Factory | Sucked down chute 2753 | -6/Factory | Entered Waste 2768 | -6/Waste | EMP discharged 2768 | -6/Waste | System corruption reached 10% 2768 | -6/Waste | Spotted C-40 Crusher 2771 | -6/Waste | Spotted C-40 Crusher 2817 | -6/Waste | Spotted C-40 Crusher 2826 | -6/Waste | Spotted C-40 Crusher 2834 | -6/Waste | Spotted C-40 Crusher 2846 | -6/Waste | Crushed by Compactor (1 part destroyed, 1 dropped) 2868 | -6/Waste | EMP discharged 2877 | -6/Waste | Lost 3 parts (1n1u1w) 2894 | -6/Waste | Discovered new exit (range 10) 2904 | -6/Waste | Entered Factory 3263 | -6/Factory | Build established: Infiltrator-Mutant 3647 | -6/Factory | Found Hvy. Reactive Plating 4160 | -6/Factory | Fabricated Enh. Gauss Cannon? 4212 | -6/Factory | Discovered new exit (range 15) 4254 | -6/Factory | Entered Lower Caves 4271 | -6/Lower Caves | Learned Factory emergency access door positions 4283 | -6/Lower Caves | Encountered a Warlord checkpoint 4671 | -6/Lower Caves | Discovered new exit (range 9) 4679 | -6/Lower Caves | Entered another Lower Caves area 4694 | -6/Lower Caves | Discovered new exit (range 7) 4756 | -6/Lower Caves | Entered Factory 4756 | -5/Factory | Evolved 2 slots: Utility x2 5181 | -5/Factory | Identified exit to Upper Caves 5181 | -5/Factory | Identified exit to Extension 5396 | -5/Factory | Build established: Scavenger-Mutant 5537 | -5/Factory | Fabricated Adv. Coolant Injector (x2) 5649 | -5/Factory | Destroyed 7 combat bots 5937 | -5/Factory | Entered Extension 6089 | -5/Extension | Rescued A7 6118 | -5/Extension | System corruption reached 10% 6141 | -5/Extension | Rescued a captive Derelict 6141 | -5/Extension | Rescued a captive Derelict 6165 | -5/Extension | Rescued a captive Derelict 6174 | -5/Extension | Rescued a captive Derelict 6276 | -5/Extension | Rescued a captive Derelict 6277 | -5/Extension | Rescued a captive Derelict 6773 | -5/Extension | Rescued a captive Derelict 6821 | -5/Extension | Discovered new exit (range 10) 6822 | -5/Extension | Discovered new exit (range 6) 6837 | -5/Extension | First assault squad dispatched 6837 | -5/Extension | Entered Cetus 6837 | -5/Cetus | Accompanied by 8 allies (A7) 6842 | -5/Cetus | Acquired a Cetus Manufacturing Module code from A7 6854 | -5/Cetus | Spotted Cetus Guard 6854 | -5/Cetus | Spotted Cetus Guard 6859 | -5/Cetus | Spotted Cetus Guard 6860 | -5/Cetus | Spotted Cetus Guard 6867 | -5/Cetus | Allies destroyed Cetus Guard 6870 | -5/Cetus | Allies destroyed Cetus Guard 6873 | -5/Cetus | Allies destroyed Cetus Guard 6875 | -5/Cetus | Allies destroyed Cetus Guard 6972 | -5/Cetus | Started Cetus Manufacturing Module 6982 | -5/Cetus | Escorted A7 to Cetus Mainframe 6997 | -5/Cetus | Manufactured an Enhanced Grunt 7022 | -5/Cetus | Manufactured an Enhanced Grunt 7043 | -5/Cetus | Discovered new exit (range 16) 7047 | -5/Cetus | Manufactured an Enhanced Grunt 7064 | -5/Cetus | Spotted Cetus Guard 7065 | -5/Cetus | Spotted Cetus Guard 7066 | -5/Cetus | Spotted Cetus Guard 7068 | -5/Cetus | Allies destroyed Cetus Guard 7069 | -5/Cetus | Spotted Cetus Guard 7070 | -5/Cetus | Destroyed Cetus Guard 7071 | -5/Cetus | Allies destroyed Cetus Guard 7072 | -5/Cetus | Manufactured an Enhanced Grunt 7076 | -5/Cetus | Cetus Manufacturing Module disabled 7080 | -5/Cetus | Discovered new exit (range 16) 7083 | -5/Cetus | Allies destroyed Cetus Guard 7086 | -5/Cetus | Met Revision 17 7153 | -5/Cetus | Entered Factory 7153 | -4/Factory | Accompanied by 8 allies (A7) 7153 | -4/Factory | Evolved 2 slots: Power x1, Propulsion x1 7163 | -4/Factory | Received a hacking code to weaken MAIN.C 7205 | -4/Factory | Sucked down chute 7205 | -4/Factory | Entered Waste 7216 | -4/Waste | Spotted C-40 Crusher 7220 | -4/Waste | EMP discharged 7233 | -4/Waste | Spotted C-40 Crusher 7238 | -4/Waste | Spotted C-40 Crusher 7248 | -4/Waste | Allies destroyed C-40 Crusher 7264 | -4/Waste | Allies destroyed C-40 Crusher 7269 | -4/Waste | Allies destroyed C-40 Crusher 7310 | -4/Waste | Spotted C-40 Crusher 7320 | -4/Waste | EMP discharged 7320 | -4/Waste | System corruption reached 10% 7327 | -4/Waste | Allies destroyed C-40 Crusher 7344 | -4/Waste | Spotted C-40 Crusher 7350 | -4/Waste | 9 allies followed down the chute 7360 | -4/Waste | Crushed by Compactor (1 part destroyed, 1 dropped) 7363 | -4/Waste | Crushed by Compactor (1 part destroyed, 2 dropped) 7366 | -4/Waste | Crushed by Compactor (1 part destroyed, 1 dropped) 7369 | -4/Waste | Crushed by Compactor (1 part destroyed, 1 dropped) 7369 | -4/Waste | Destroyed C-40 Crusher 7369 | -4/Waste | Spotted C-40 Crusher 7400 | -4/Waste | Lost 5 parts (1p3n1u) 7407 | -4/Waste | Crushed by Compactor (1 part destroyed, 2 dropped) 7420 | -4/Waste | EMP discharged 7486 | -4/Waste | Discovered new exit (range 10) 7500 | -4/Waste | Entered Factory 7859 | -4/Factory | Build established: Infiltrator-Mutant 7918 | -4/Factory | Found Prototype Hackware 7971 | -4/Factory | System corruption reached 30% 8087 | -4/Factory | Discovered new exit (range 10) 8111 | -4/Factory | Entered Research 8111 | -3/Research | Evolved 2 slots: Utility x1, Weapon x1 8112 | -3/Research | Identified Exp. System Shield 8123 | -3/Research | Found Enh. Force Lance 8126 | -3/Research | Found Enh. Force Lance 8128 | -3/Research | Found Enh. Force Lance 8415 | -3/Research | Build established: Hacker-Mutant 8468 | -3/Research | Discovered new exit (range 6) 8516 | -3/Research | Spotted B-86 Titan 8536 | -3/Research | Entered another Research area 8536 | -2/Research | Evolved 2 slots: Propulsion x1, Utility x1 8566 | -2/Research | Identified exit to Access 8935 | -2/Research | Lost 14 parts (3p6n3u2w) 9056 | -2/Research | Entered Access 9056 | -1/Access | Evolved 2 slots: Utility x2 9244 | -1/Access | Build established: Scavenger-Mutant 9370 | -1/Access | Garrison activated, responded to threat 9383 | -1/Access | Lost 8 parts (1p4n2u1w) 9408 | -1/Access | Destroyed 8 combat bots 9439 | -1/Access | Lost 3 parts (1p2u) 9670 | -1/Access | Lost 7 parts (2n2u3w) 10041 | -1/Access | Lost 18 parts (4p5n5u4w) 10240 | -1/Access | Identified exit to Surface 10386 | -1/Access | Crushed by falling debris 10386 | -1/Access | System corruption reached 10% 10432 | -1/Access | Lost 5 parts (1p2n2u) 10461 | -1/Access | Found Prototype Device 10461 | -1/Access | Identified Exp. EM Disruption Field 10489 | -1/Access | Found Exp. EM Disruption Field 10568 | -1/Access | Core integrity fell below 50% 10665 | -1/Access | Lost 19 parts (3p7n3u6w) 10733 | -1/Access | Core integrity fell below 20% 10780 | -1/Access | Destroyed by G-73 Enforcer with Heavy Laser Last Messages --------------- 10726_ >> DECODED: Nova Cannon location. 10726_ G-73 Enforcer suffers critical hit (Burn). 10729_ Phase Gun destroyed. 10729_ Critical hit (Burn: +37). 10730_ Kicked G-73 Enforcer out of the way. 10732_ Kicked G-73 Enforcer. 10734_ G-73 Enforcer heat damages Adv. Heat Sink, Lgt. Quantum Reactor, Myomer Leg, Adv. Heat Sink. 10734_ Kicked G-73 Enforcer. 10735_ Adv. Heat Sink destroyed. 10735_ Kicked G-73 Enforcer out of the way. 10737_ JMU:RVVTP48#LKR# 8FGBI>MEBA4 &> 10752_ >> DECODED: Patrol location. 10754_ System corrupted: Quantum Reactor rejected. 10757_ Quantum Reactor destroyed. 10757_ Exp. System Shield destroyed. 10763_ Myomer Leg destroyed. 10763_ Acquired Linear Accelerator. 10778_ X&RPQ%U3OOLSD#ENP,KVJT,L2VS3 [Achievement: Overachiever] Map ----- +----------------------------------------------------+ | # ##???#""""""""""""####?# !!! """#????? | | ###### ##?????????????? #"###?# !! R"#????? | | " ### ##?????????????? ####??# !! """#????? | | ????## ##?????????????? ####??# "" #????? | | ????## ##?????????????????????# #????? | | ????## ##?????????